 Dungeon Crawl Stone Soup version 0.25-a0-589-g1e14c549ee (webtiles) character file.

Game seed: 17988163527359060466, levelgen mode: deterministic

52 MisterFreud the Vexing (level 3, -1/17 HPs)
             Began as a Felid Enchanter on Mar 10, 2020.
             Slain by a leopard gecko (3 damage)
             ... on level 2 of the Dungeon.
             The game lasted 00:03:54 (2093 turns).

MisterFreud the Vexing (Felid Enchanter)            Turns: 2093, Time: 00:03:55

Health: -1/17      AC:  1    Str:  3 (4)  XL:     3   Next: 60%
Magic:  2/7        EV: 18    Int: 15 (16) God:
Gold:   78         SH:  0    Dex: 16 (17) Spells: 0/6 levels left
                                        Lives:  0   Deaths: 0

rFire    . . .     SeeInvis +     - Unarmed
rCold    . . .     Gourm    .   (shield unavailable)
rNeg     . . .     Faith    .   (armour unavailable)
rPois    .         Spirit   .   (helmet unavailable)
rElec    .         Reflect  .   (cloak unavailable)
rCorr    .         Harm     .   (gloves unavailable)
MR       .....                  (boots unavailable)
Stlth    +++.......             (no amulet)
HPRegen  0.05/turn              (no ring)
MPRegen  0.10/turn              (no ring)

@: lethally poisoned (-1 -> -4), quick
A: very small, no armour, no weapons or thrown items, stealth, claws 1, fangs 3,
see invisible, carnivore, speed 1, shaggy fur 1, slow metabolism 1, sharp paws
a: no special abilities


You were on level 2 of the Dungeon.
You were very full.

You visited 1 branch of the dungeon, and saw 2 of its levels.

You collected 78 gold pieces.

Inventory:

Scrolls
 a - a scroll of enchant armour {unknown}
 c - a scroll of amnesia {unknown}
 e - a scroll of immolation {unknown}
Potions
 g - a potion of heal wounds {unknown}
 h - a potion of resistance {unknown}
Comestibles
 b - 3 rations
 f - 2 chunks of flesh


   Skills:
 + Level 3.3 Fighting
 - Level 2.6 Dodging
 - Level 4.0 Stealth
 - Level 1.0 Unarmed Combat
 - Level 2.0 Spellcasting
 - Level 4.4 Hexes


You couldn't memorise any spells.
You knew the following spells:

 Your Spells              Type           Power        Failure   Level  Hunger
a - Corona                Hex            ##.....      3%          1    #......
b - Ensorcelled Hibernat  Hex/Ice        #.....       14%         2    ###....
c - Confusing Touch       Hex            ##......     11%         3    ###....

Your spell library contained the following spells:

 Spells                   Type           Power        Failure   Level  Hunger
 Tukima's Dance           Hex            ##......     11%         3    ###....
 Dazzling Flash           Conj/Hex       #.....       26%         3    ###....


Dungeon Overview and Level Annotations

Branches:
Dungeon (2/15)

Altars:
Cheibriados
The Shining One


Innate Abilities, Weirdness & Mutations

You cannot wear armour.
You are incapable of wielding weapons or throwing items.
Your paws allow you to move quietly. (Stealth)
You have sharp claws.
You have razor-sharp teeth.
You have supernaturally acute eyesight. (SInv)
You are carnivorous and can eat meat at any time.
You cover ground quickly.
You are covered in fur. (AC +1)
You have a slow metabolism.
Your sharp claws are effective at attacking unaware monsters.


Message History

You closely miss the adder. Your bite misses the adder.
The adder is severely wounded.
You feel sick. The leopard gecko closely misses you.
You scratch the adder.
The adder is severely wounded.
The leopard gecko barely misses you.
You feel sick.
Casting: Confusing Touch (safe; 11% risk of failure)
Confirm with . or Enter, or press ? or * to list all spells.
Your paws begin to glow red.
The leopard gecko bites you.
* * * LOW HITPOINT WARNING * * *
You scratch the adder but do no damage.
The adder appears confused.
The adder is severely wounded.
* * * LOW HITPOINT WARNING * * *
You feel sick. The adder barely misses you. The leopard gecko misses you.
It was a potion of degeneration.
There was something very wrong with that liquid.
You feel weakened.
You feel dopey.
You feel clumsy. The leopard gecko bites you.
You die...

...###.........#
...............#
...............#
........########
........######
##+##........#
............#
#............+
#.......@....####
........lS......#
#.............#.#
.#+#..........# #
............#
#............#
####.........#
........%..#
####+#+###.#


You could see an adder (confused) and a leopard gecko.

Vanquished Creatures
  An adder (D:2)
  2 oozes (D:1)
  A worm (D:2)
  2 dart slugs (D:1)
  3 bats (D:1)
  4 giant cockroaches (D:1)
  3 goblins (D:1)
  2 hobgoblins (D:1)
  3 jackals (D:1)
  A kobold (D:1)
  5 rats
27 creatures vanquished.

Notes
Turn   | Place    | Note
-------+----------+-------------------------------------------
     0 | D:1      | MisterFreud the Felid Enchanter began the quest for the
                  | Orb.
     0 | D:1      | Reached XP level 1. HP: 7/7 MP: 4/4
    83 | D:1      | Reached skill level 1 in Fighting
   253 | D:1      | Reached XP level 2. HP: 8/13 MP: 4/6
   799 | D:1      | Learned a level 2 spell: Ensorcelled Hibernation
   912 | D:1      | Reached XP level 3. HP: 10/16 MP: 5/7
  1028 | D:1      | Learned a level 3 spell: Confusing Touch
  1782 | D:2      | Found a snail-covered altar of Cheibriados.
  1782 | D:2      | Found a glowing golden altar of the Shining One.
  2093 | D:2      | Slain by a leopard gecko

Levels and vault maps discovered:
D:1:      saegor_arrival_simple_a, layout_basic, minmay_worlds_worst_comb
D:2:      layout_basic, grunt_temple_overflow_open, uniq_jessica

Skill      XL: |  1  2  3 |
---------------+----------+-----
Fighting       | 1 2 3 |  3.3
Dodging        | |  2.6
Stealth        | |  4.0
Unarmed Combat | |  1.0
Spellcasting   | |  2.0
Hexes          | |  4.4

Action                   || total
-------------------------++-------
Melee: Unarmed           ||   120
       Bite              ||    10
 Cast: Corona            ||     9
       Confusing Touch   ||     7
  Use: Potion            ||     1
 Stab: Sleeping          ||    10
       Confused          ||     5
  Eat: Chunk             ||    10
Armor: Skin              ||     7
Dodge: Dodged            ||    91

Table legend:
 A = Non-vault XP
 B = Vault XP
 C = Vault XP percentage of total XP
 D = Non-vault monster count
 E = Vault monster count
 F = Vault count percentage of total count
                 A         B        C        D         E       F
            +---------+---------+-------+---------+---------+-------
      Total |      71 |       4 |   5.3 |      25 |       2 |   7.4
            +---------+---------+-------+---------+---------+-------
        D:1 |      51 |       4 |   7.3 |      21 |       2 |   8.7
        D:2 |      20 |       0 |   0.0 |       4 |       0 |   0.0
            +---------+---------+-------+---------+---------+-------
